 Dungeon Crawl Stone Soup version 0.28-a0-1629-gf728b707aa (webtiles) character file.

Game seed: 7669754903762019647

1321 Ijustatesigmund the Skirmisher (level 8, -2/52 HPs)
             Began as a Gargoyle Fighter on Jan 24, 2022.
             Was a Follower of the Shining One.
             Slain by a boulder beetle (41 damage)
             ... on level 5 of the Dungeon.
             The game lasted 00:06:44 (5448 turns).

Ijustatesigmund the Skirmisher (Gargoyle Fighter)   Turns: 5448, Time: 00:06:45

Health: -2/52      AC: 26    Str: 22    XL:     8   Next: 59%
Magic:  11/11      EV:  6    Int:  9    God:    the Shining One [*.....]
Gold:   165        SH:  4    Dex:  9    Spells: 7/7 levels left

rFire   . . .      SeeInvis .   a - +1 flail (vorpal)
rCold   . . .      Faith    .   c - +0 buckler
rNeg    + . .      Spirit   .   b - +7 plate armour
rPois   ∞          Reflect  .   v - +0 helmet
rElec   +          Harm     .   (no cloak)
rCorr   .          Rampage  .   (no gloves)
Will    .....                   (no boots)
Stlth   ..........              (no amulet)
HPRegen 0.17/turn               (no ring)
MPRegen 0.12/turn               (no ring)

@: mighty, glowing
A: sickness immunity, AC +5, negative energy resistance 1, electricity
resistance, torment resistance 1, petrification resistance
a: Renounce Religion, Divine Shield


You were on level 5 of the Dungeon.
You worshipped the Shining One.
The Shining One was aware of your devotion.
You visited 2 branches of the dungeon, and saw 7 of its levels.

You collected 165 gold pieces.

Inventory:

Hand Weapons
 a - a +1 vorpal flail (weapon)
Missiles
 t - a throwing net (quivered)
Armour
 b - a +7 plate armour (worn)
 c - a +0 buckler (worn)
 v - a +0 helmet (worn)
Jewellery
 e - a ring of fire
 u - a ring of magical power
Wands
 h - a wand of digging (5)
 i - a wand of polymorph (9)
 x - a wand of flame (22)
Scrolls
 f - 2 scrolls of magic mapping
 j - a scroll of immolation
 m - a scroll of brand weapon
 o - a scroll of teleportation
 w - a scroll of enchant weapon
Potions
 g - 2 potions of curing
 k - 2 potions of heal wounds
 l - a potion of attraction {unknown}
 n - a potion of haste {unknown}
 p - a potion of brilliance {unknown}
 s - a potion of mutation {unknown}
 z - a potion of resistance


   Skills:
 + Level 6.7 Fighting
 + Level 6.5 Maces & Flails
 + Level 5.6 Armour
 - Level 3.2 Shields
 + Level 4.3 Invocations


You had 7 spell levels left.
You didn't know any spells.
Your spell library contained the following spells:

 Spells                   Type           Power      Damage    Failure   Level
 Sting                    Tmut/Pois      0%         1d3       100%        1
 Corpse Rot               Necr/Air       0%         N/A       100%        2
 Poisonous Vapours        Pois/Air       0%         N/A       100%        2
 Olgreb's Toxic Radiance  Pois           0%         N/A       100%        4


Dungeon Overview and Level Annotations

Branches:
Dungeon (6/15)             Temple (1/1) D:5

Altars:
Ashenzari
Cheibriados
Dithmenos
Fedhas
Gozag
Hepliaklqana
Kikubaaqudgha
Makhleb
Nemelex Xobeh
Okawaru
Qazlal
Ru
Sif Muna
Trog
Vehumet
Wu Jian
Zin
The Shining One


Innate Abilities, Weirdness & Mutations

You are immune to sickness and miasma.
Your stone body is resilient. (AC +5)
You are immune to poison.
You resist negative energy. (rN+)
You are resistant to electric shocks. (rElec)
You are resistant to unholy torment.
You are immune to petrification.


Message History

You are too injured to fight recklessly!
You are too injured to fight recklessly!
You are too injured to fight recklessly!
You are too injured to fight recklessly!
You are too injured to fight recklessly!
You are too injured to fight recklessly!
You are too injured to fight recklessly!
You are too injured to fight recklessly!
You are too injured to fight recklessly!
You are too injured to fight recklessly!
You are too injured to fight recklessly!
You are too injured to fight recklessly!
You are too injured to fight recklessly!
You feel much better.
The boulder beetle bites you but does no damage.
You feel very mighty all of a sudden.
The boulder beetle bites you but does no damage.
You hit the boulder beetle but do no damage.
The boulder beetle is lightly wounded.
The boulder beetle bites you but does no damage.
You hit the boulder beetle but do no damage.
The boulder beetle is lightly wounded.
The boulder beetle bites you!
You hit the boulder beetle.
The boulder beetle is lightly wounded.
The boulder beetle bites you but does no damage.
You hit the boulder beetle but do no damage.
The boulder beetle is lightly wounded.
The boulder beetle leaps!
The boulder beetle curls into a ball and begins rolling!
Throw: 2 throwing nets
Press: ? - help, Q - select action, (/) - cycle Shift-Dir - straight line, f - boulder beetle
Aim: a boulder beetle (lightly wounded, rolling, 89% to hit)
You throw a throwing net.
The throwing net barely misses the boulder beetle.
You hit the boulder beetle but do no damage.
The boulder beetle is lightly wounded.
The boulder beetle hits you!!!
Ouch! That really hurt!
You die...

#..# #.# #.# #..#
#.# ##.# #..# #.#
#.## #..#
#†######§ ##..#
#.....#§#
##...#########⌠.
##....># #.#
##......#########.
#@B°............##
##>.°..#.######...
##...(#<# #.##
##.#.#.# #.##
#.#.#.## #.##
#.#..#.#####...
#.#.###........
#.##.#.#####.##
#.###.## #.#


You could see a boulder beetle (rolling).

Vanquished Creatures
  Grinder (D:3)
  2 necrophages (D:5)
  An ogre (D:5)
  A phantom (D:4)
  A kobold brigand (D:5)
  A wyvern zombie (D:5)
  A scorpion (D:4)
  3 killer bees (D:5)
  2 bullfrog skeletons (D:5)
  A centaur zombie (D:5)
  2 hounds
  3 iguanas
  Terence (D:2)
  A killer bee zombie (D:4)
  Robin (D:3)
  5 adders
  3 gnolls (D:4)
  A shadow imp (D:5)
  An adder skeleton (D:4)
  The ghost of Essalna the Sneak, a weakling DjDe (D:5)
  2 dart slugs (D:1)
  7 ball pythons
  3 bats
  10 endoplasms
  2 giant cockroaches
  5 hobgoblins
  7 jackals (D:2)
  12 kobolds
  6 quokkas
  3 frilled lizards
  15 goblins
  5 rats
110 creatures vanquished.

Notes
Turn   | Place    | Note
-------+----------+-------------------------------------------
     0 | D:1      | Ijustatesigmund the Gargoyle Fighter began the quest for
                  | the Orb.
     0 | D:1      | Reached XP level 1. HP: 14/14 MP: 1/1
   375 | D:1      | Reached XP level 2. HP: 19/19 MP: 2/2
   769 | D:1      | Reached XP level 3. HP: 22/24 MP: 3/3
  1473 | D:2      | Noticed Terence
  1480 | D:2      | Killed Terence
  1481 | D:2      | Reached XP level 4. HP: 29/29 MP: 4/4
  2140 | D:3      | Noticed Robin
  2152 | D:3      | Killed Robin
  2153 | D:3      | Reached XP level 5. HP: 28/34 MP: 5/5
  2327 | D:3      | You fall into a shaft and drop 3 floors!
  2327 | D:6      | Noticed a centaur
  2327 | D:6      | Noticed an ogre
  2328 | D:6      | Noticed a boulder beetle
  2333 | D:5      | Entered Level 5 of the Dungeon
  2484 | D:5      | Found a staircase to the Ecumenical Temple.
  2489 | D:5      | Reached skill level 5 in Maces & Flails
  2489 | D:5      | Reached XP level 6. HP: 38/40 MP: 6/6
  2495 | Temple   | Entered the Ecumenical Temple
  2652 | Temple   | Became a worshipper of the Shining One
  2821 | D:5      | Noticed a necrophage
  2831 | D:5      | Killed a necrophage
  2832 | D:5      | Reached skill level 5 in Fighting
  2832 | D:5      | Reached skill level 1 in Invocations
  3019 | D:3      | Noticed Grinder
  3024 | D:3      | Paralysed by Grinder for 5 turns
  3029 | D:3      | Killed Grinder
  3030 | D:3      | Reached XP level 7. HP: 36/44 MP: 8/8
  3218 | D:3      | Found an iron altar of Okawaru.
  3669 | D:3      | Found a faded altar of an unknown god.
  3838 | D:4      | Reached * piety under the Shining One
  4339 | D:4      | Reached XP level 8. HP: 51/51 MP: 10/10
  4717 | D:5      | Found a runed translucent gate.
  4717 | D:5      | Found a runed translucent gate.
  4717 | D:5      | Noticed Essalna's ghost (weakling DjDe)
  4726 | D:5      | Found a runed translucent gate.
  4901 | D:5      | Reached skill level 5 in Armour
  5048 | D:5      | Found a bloodstained altar of Trog.
  5338 | D:5      | Killed Essalna's ghost
  5448 | D:5      | Slain by a boulder beetle

Illustrated notes

Levels and vault maps discovered:
D:1:      lightli_arrival_noodles, layout_loops_ring
D:2:      layout_basic, minmay_cut_off, uniq_terence
D:3:      layout_basic, kennysheep_okawaru_gauntlet,
          chequers_ecumenical_altar_simple, uniq_grinder, uniq_robin
D:4:      layout_basic
D:5:      layout_loops_ring, lemuel_coloured_pillars_altar,
          minmay_temple_entry_mist, gammafunk_ghost_nasty_kobolds,
          minmay_misc_feat_chi
D:6:      layout_rooms, nicolae_ossuary_entry_ruins, uniq_maggie
Temple:   eino_temple_scatter_basement

Skill      XL: |  1  2  3  4  5  6  7  8 |
---------------+-------------------------+-----
Maces & Flails | 3 4 5 6 |  6.5
Fighting       | 4 5 6 |  6.7
Invocations    | 2 3 4 |  4.3
Armour         | 4 5 |  5.6
Shields        | |  3.2

Action                   |  1- 3 |  4- 6 |  7- 9 || total
-------------------------+-------+-------+-------++-------
Melee: Flail             |    83 |   155 |   124 ||   362
Throw: Throwing net      |       |       |     1 ||     1
  Use: Scroll            |     8 |     5 |     4 ||    17
       Potion            |       |       |     2 ||     2
Armor: Scale mail        |    34 |       |       ||    34
       Plate armour      |    14 |   139 |   110 ||   263
Dodge: Dodged            |    26 |    45 |    39 ||   110
Block: Buckler           |    13 |    30 |    22 ||    65

Table legend: (Time is in decaauts)
 A = Elapsed time spent in this place.
 B = Non-inter-level travel time spent in this place.
 C = Inter-level travel time spent in this place.
 D = Time resting spent in this place.
 E = Time spent auto-exploring this place.
 F = Levels seen in this place.
 G = Mean time per level.
                   A        B        C        D        E       F      G
               +--------+--------+--------+--------+--------+-----+--------+
         Total |   5528 |   5320 |    208 |    252 |   4119 |   7 |  789.7 |
       Dungeon |   5361 |   5185 |    176 |    252 |   4001 |   6 |  893.5 |
        Temple |    166 |    134 |     32 |      0 |    118 |   1 |  166.0 |
               +--------+--------+--------+--------+--------+-----+--------+

Top non-repeatable levels by time:
     D:5: 1137 daAuts
     D:3: 1111 daAuts
     D:2: 1101 daAuts
     D:1: 1038 daAuts
     D:4: 961 daAuts
  Temple: 166 daAuts
     D:6: 11 daAuts
